Unix NetHack Version 5.0.0-0 post-release - last build May 23 2026 06:08:33 (1c0ff79ee797540d5714e4e18072db0edd9e58ae,branch:main).

Game began 2026-05-25 19:27:23, ended 2026-05-26 01:33:00.

FalseGod, lawful female dwarven Valkyrie

                              --------
                            ---.|....|
                            |......`.|----------
                            |.-...-..|.|.......|
                            |...-......|.......|
                            |.-....|`..|.......|
                            |....-.--.-|...<...|
                            |.``.......|.......|
                            |.--...|.`.|.......|--
                            |....-.|---|......rq@|
                            ---....------------|.|
                              |...>^...........-.|
                              --------------------

FalseGod the Fighter        St:18/01 Dx:15 Co:17 In:8 Wi:11 Ch:8  Lawful
Dlvl:4  $:3291 HP:0(79) Pw:11(11) AC:-1 Xp:8 T:7282  Fly

Latest messages:
 You drop a food ration.
 t - a food ration.
 t - 2 food rations (3 in total).
 This door is locked.
 Unlock it with your key? [ynq] (q) y
 You succeed in unlocking the door.
 The door opens.
 The leocrotta misses!
 The leocrotta bites!
 The leocrotta misses!
 You hit the leocrotta!
 The leocrotta just misses!
 The leocrotta bites!
 The leocrotta hits!
 The leocrotta hits!
 The leocrotta misses!
 The leocrotta misses!
 You miss the leocrotta.
 The leocrotta hits!
 The leocrotta bites!
 The leocrotta hits!
 The leocrotta misses!
 The leocrotta bites!
 The leocrotta hits!
 Are you sure you want to pray? [yn] (n) y
 You begin praying to Tyr.
 You are surrounded by a shimmering light.
 The leocrotta starts to attack you, but pulls back.
 The leocrotta starts to attack you, but pulls back.
 The leocrotta starts to attack you, but pulls back.
 The leocrotta starts to attack you, but pulls back.
 You finish your prayer.
 You feel that Tyr is well-pleased.
 You feel in good health again.
 You hit the leocrotta!
 The leocrotta hits!
 The leocrotta bites!
 The leocrotta hits!
 What do you want to write with? [- abduwHLNR or ?*] -
 You write in the dust with your fingertip.
 What do you want to write in the dust here? Elbereth
 The leocrotta turns to flee.
 The leocrotta misses!
 The leocrotta bites!
 You die...
 Do you want your possessions identified? [ynq] (y) y
 Do you want to see your attributes? [ynq] (y) y
 Do you want an account of creatures vanquished? [ynaq] (y) n
 Do you want to see your conduct and achievements? [ynq] (y) y
 Do you want to see the dungeon overview? [ynq] (y) y

Inventory:
 Coins    ('$')
  $ - 3291 gold pieces
 Amulets  ('"')
  S - an uncursed amulet of flying (being worn)
  e - a cursed amulet of strangulation named cursed?
 Weapons  (')')
  L - 4 blessed +0 arrows (in quiver)
  a - a +1 dwarvish spear (weapon in right hand)
 Armor    ('[')
  s - a blessed +0 pair of iron shoes (being worn)
  c - an uncursed +3 small shield (being worn)
  v - an uncursed +0 dwarvish cloak (being worn)
  D - an uncursed +0 mummy wrapping
  g - an uncursed +0 elven mithril-coat (being worn)
 Comestibles  ('%')
  V - 2 uncursed cream pies
  t - 3 uncursed food rations
  m - 2 uncursed fortune cookies
  B - 2 uncursed lembas wafers
  o - 2 uncursed pancakes
  T - 3 uncursed lizard corpses
 Scrolls  ('?')
  Q - an uncursed scroll of amnesia
  P - an uncursed scroll of blank paper
  A - a blessed scroll of create monster
  i - a blessed scroll of destroy armor
  F - a blessed scroll of earth
  E - an uncursed scroll of earth
  n - a cursed scroll of enchant armor
  U - an uncursed scroll of enchant weapon
  W - an uncursed scroll of identify
  j - a blessed scroll of magic mapping
  y - an uncursed scroll of teleportation
 Potions  ('!')
  X - an uncursed potion of fruit juice
  J - a cursed potion of gain energy
  K - 2 uncursed potions of healing
  r - an uncursed potion of levitation
  I - an uncursed potion of monster detection
  M - an uncursed potion of object detection
  Z - a cursed potion of sleeping
 Rings    ('=')
  u - a cursed ring of hunger
  b - an uncursed ring of searching
  R - an uncursed ring of stealth
 Wands    ('/')
  N - a wand of nothing (0:7)
  w - a wand of secret door detection (0:11)
  d - a wand of striking (0:3)
 Tools    ('(')
  f - an uncursed leash
  O - an uncursed mirror
  p - a +0 pick-axe (alternate weapon; not wielded)
  k - an uncursed skeleton key
  q - an uncursed tallow candle
  G - an uncursed tin whistle
  H - an uncursed towel

FalseGod the Valkyrie's attributes:

Background:
 You were a Fighter, a level 8 dwarven Valkyrie.
 You were lawful, on a mission for Tyr
 who was opposed by Odin (neutral) and Loki (chaotic).
 You were right-handed.
 You were in Sokoban, on level 4.
 You entered the dungeon 7282 turns ago.
 It was nighttime.
 You had 1996 experience points, 564 more were needed to attain level 9.

Basics:
 You had 0 out of 79 hit points.
 You had all 11 energy points (spell power).
 Your armor class was -1.
 Your wallet contained 3291 zorkmids.
 Autopickup was off.

Final Characteristics:
 Your strength was 18/01 (limit:18/100).
 Your dexterity was 15 (limit:20).
 Your constitution was 17 (limit:20).
 Your intelligence was 8 (limit:16).
 Your wisdom was 11 (limit:16).
 Your charisma was 8 (limit:16).

Final Status:
 You were flying.
 You weren't hungry.
 You were unencumbered.
 You were wielding a spear.
 You had expert skill with spear.

Final Attributes:
 You were piously aligned.
 You were fire resistant.
 Your items were somewhat protected from fire.
 You were cold resistant.
 Your items were somewhat protected from cold.
 You had infravision.
 You were stealthy.
 You aggravated monsters.
 You were guarded.
 Your spell casting was impaired by metallic armor.
 You were fast.
 You were lucky.
 You are dead.

Miscellaneous:
 You didn't encounter any bones levels.
 Total elapsed playing time was 3 hours, 59 minutes and 51 seconds.

Major events:
 Turn
    1: FalseGod the lawful dwarven Valkyrie entered the dungeon
 1132: attained the rank of Skirmisher (level 3)
 1243: entered the Gnomish Mines
 2675: attained the rank of Fighter (level 6)
 2885: reached Mine Town
 5082: consulted the Oracle
 5977: entered Sokoban
 6321: completed 1st Sokoban level
 6843: completed 2nd Sokoban level
 7243: completed 3rd Sokoban level
 7282: killed by a leocrotta

Spells:
 Name                 Level Category     Fail Retention
 healing                1   healing      100%   51%-75%
 chain lightning        2   attack       100%   51%-75%
 light                  1   divination   100%   51%-75%
 detect monsters        1   divination   100%   51%-75%
 detect food            2   divination   100%   51%-75%

Skills:
 Fighting Skills
   bare handed combat [Unskilled]
   two weapon combat  [Unskilled]
   riding             [Unskilled]
 Weapon Skills
   dagger             [Basic]
   axe                [Unskilled]
   pick-axe           [Unskilled]
   short sword        [Unskilled]
   broadsword         [Unskilled]
   long sword         [Unskilled]
   two-handed sword   [Unskilled]
   saber              [Unskilled]
   hammer             [Unskilled]
   quarterstaff       [Unskilled]
   polearms           [Unskilled]
   spear              [Expert]
   trident            [Unskilled]
   lance              [Unskilled]
   sling              [Unskilled]
 Spellcasting Skills
   attack spells      [Unskilled]
   escape spells      [Unskilled]

Voluntary challenges:
 Character rerolling was not enabled.
 You never genocided any monsters.
 You never polymorphed an object.
 You never changed form.
 You used no wishes.
 You did not violate any of the special Sokoban rules.
Achievements:
 You attained the rank of Skirmisher.
 You entered the Gnomish Mines.
 You attained the rank of Fighter.
 You entered Minetown.
 You entered a shop.
 You entered a temple.
 You consulted the Oracle of Delphi.
 You entered Sokoban.

 The Dungeons of Doom: levels 1 to 8
    Level 1:
    Level 2:
    Level 3: "spellbooks D stair"
    Level 4:
       A fountain.
       Stairs down to The Gnomish Mines.
    Level 5:
       Some fountains.
    Level 6:
       Many fountains.
       Oracle of Delphi.
    Level 7:
       Stairs up to Sokoban, level 6.
    Level 8:
 The Gnomish Mines: levels 5 to 9
    Level 5:
    Level 6:
    Level 7:
    Level 8:
       Many shops, a temple and an altar, some fountains.
    Level 9:
 Sokoban: levels 6 up to 4
    Level 4: <- You were here.
       Solved.
       Final resting place for
          you, killed by a leocrotta.
    Level 5: "Unicorn"
       Solved.
    Level 6:
       Solved.


Vanquished creatures:
  4 small mimics
  a large dog
  a flaming sphere
 an ochre jelly
  a leocrotta
  a chameleon
  2 quivering blobs
  a lynx
  a panther
  a leprechaun
 an orc-captain
 an orc mummy
  2 dwarf mummies
 an ogre
  3 owlbears
  a yeti
  a gold golem
  2 werewolves
  5 lizards
  2 housecats
  a dwarf leader
  4 apes
  a human zombie
  a rope golem
  a quasit
  a wood nymph
  a water nymph
  7 Uruk-hai
  3 rock moles
  a pony
  a yellow light
  3 shriekers
  a gnome leader
  a gnomish wizard
  a kobold mummy
  a gray ooze
  a straw golem
  7 giant ants
  a little dog
  a floating eye
  3 kittens
  3 dwarves
  a homunculus
  3 kobold shamans
  4 hill orcs
  a werejackal
  4 iguanas
  4 killer bees
 an acid blob
  3 hobbits
  4 manes
  a hobgoblin
  4 giant rats
  2 cave spiders
  4 yellow molds
  a red mold
  9 gnomes
 13 garter snakes
  a gnome zombie
  7 geckos
 13 jackals
  a fox
  2 kobolds
  a goblin
  a sewer rat
  2 grid bugs
  a bat
  3 lichens
  2 kobold zombies
 12 newts
183 creatures vanquished.

No species were genocided or became extinct.

Game over:
                       ----------
                      /          \
                     /    REST    \
                    /      IN      \
                   /     PEACE      \
                  /                  \
                  |     FalseGod     |
                  |     3291 Au      |
                  |   killed by a    |
                  |    leocrotta     |
                  |                  |
                  |                  |
                  |       2026       |
                 *|     *  *  *      | *
        _________)/\\_//(\/(/\)/\//\/|_)_______

Farvel FalseGod the Valkyrie...

You died in Sokoban on dungeon level 4 with 11357 points,
and 3291 pieces of gold, after 7282 moves.
You were level 8 with a maximum of 79 hit points when you died.

